 Dungeon Crawl Stone Soup version 0.23-b1-13-gf37ab262a9 (webtiles) character file.

Game seed: 10527127754739311959

47843 scarab the Severer (level 14, -3/113 HPs)
             Began as a Human Berserker on Feb 2, 2019.
             Was a High Priest of Trog.
             Engulfed by a cloud of flame (21 damage)
             ... on level 6 of the Lair of Beasts.
             The game lasted 00:58:49 (15816 turns).

scarab the Severer (Human Berserker)               Turns: 15816, Time: 00:58:49

Health: -3/113     AC: 17    Str: 26    XL:     14   Next: 83%
Magic:  14/14      EV:  8    Int:  7    God:    Trog [*****.]
Gold:   974        SH: 13    Dex: 17    Spells: 13/13 levels left

rFire    . . .     SeeInvis .   O - +6 war axe of Upheaval {drain, rPois rC+ MR- Str+4}
rCold    + . .     Gourm    .   y - +0 large shield
rNeg     . . .     Faith    .   G - +0 plate armour
rPois    +         Spirit   .   (helmet restricted)
rElec    .         Reflect  .   B - +0 cloak
rCorr    .         Harm     .   (no gloves)
MR       +++..                  s - +0 pair of boots
Stlth    ..........             (no amulet)
HPRegen  1.68/turn              P - +3 ring of strength
MPRegen  0.14/turn              q - ring of protection from magic

@: regenerating
A: beak, poison resistance, regeneration 1
a: Berserk, Trog's Hand, Brothers in Arms, Renounce Religion


You were on level 6 of the Lair of Beasts.
You worshipped Trog.
Trog was extremely pleased with you.
You were not hungry.

You visited 2 branches of the dungeon, and saw 17 of its levels.

You collected 974 gold pieces.

Inventory:

Hand Weapons
 F - the +7 executioner's axe of the Five Moons {chop, rC+, unknown}
   (Trog gifted it to you on level 4 of the Lair of Beasts)

   It inflicts extra damage upon your enemies.
   It protects you from cold.
 O - the +6 war axe of Upheaval (weapon) {drain, rPois rC+ MR- Str+4}
   (You found it on level 1 of the Lair of Beasts)

   A truly terrible weapon, it drains the life of those it strikes.
   It affects your strength (+4).
   It protects you from cold.
   It protects you from poison.
   It affects your resistance to hostile enchantments.
 Q - a +2 antimagic battleaxe
Missiles
 I - 4 javelins of returning (quivered)
Armour
 s - a +0 pair of boots (worn)
 y - a +0 large shield (worn)
 B - a +0 cloak (worn)
 G - a +0 plate armour (worn)
 S - a cursed +0 helmet
Jewellery
 g - an uncursed ring of protection from magic
 i - an uncursed ring of flight
 l - a cursed ring of attention {unknown}
 q - a ring of protection from magic (right hand)
 x - an uncursed ring of protection from fire
 H - an uncursed ring of poison resistance
 P - a +3 ring of strength (left hand)
 T - an uncursed ring of positive energy
 X - a cursed ring of attention {unknown}
 Y - a +3 ring of dexterity {unknown}
Wands
 o - a wand of paralysis (4)
 C - a wand of flame (18)
 E - a wand of digging (6)
 K - a wand of polymorph (7)
 L - a wand of iceblast (8)
 M - a wand of acid (8)
 R - a wand of scattershot (10)
 Z - a wand of random effects (19)
Scrolls
 a - a scroll of vulnerability {unknown}
 d - 3 scrolls of magic mapping
 e - 4 scrolls of fog {unknown}
 h - 2 scrolls of blinking
 j - 5 scrolls of remove curse
 m - 7 scrolls of teleportation
 r - 5 scrolls of enchant weapon
 z - 4 scrolls of enchant armour {unknown}
 N - 2 scrolls of brand weapon {unknown}
 V - a scroll of fear
 W - 2 scrolls of identify
Potions
 b - 3 potions of lignification
 f - 4 potions of agility
 k - 3 potions of flight
 p - 6 potions of heal wounds
 t - 3 potions of brilliance
 u - 2 potions of curing
 v - 3 potions of magic
 A - 2 potions of invisibility
 J - a potion of cancellation
 U - 2 potions of might {unknown}
Comestibles
 c - 22 rations


   Skills:
 + Level 11.3 Fighting
 * Level 17.3 Axes
 - Level 9.6 Armour
 - Level 9.6 Dodging


You had 13 spell levels left.
You didn't know any spells.
Your spell library was empty.

Dungeon Overview and Level Annotations

Branches:
Dungeon (11/15)            Temple (0/1) D:7            Lair (6/6) D:11
  Swamp (0/4) Lair:3        Snake (0/4) Lair:3        Slime (0/5) Lair:6
    Orc (0/2) D:10

Altars:
Ashenzari
Cheibriados
Dithmenos
Elyvilon
Fedhas
Hepliaklqana
Nemelex Xobeh
Qazlal
Ru
Sif Muna
Xom
Yredelemnul
The Shining One

Annotations:
Lair:3 exclusion: 2 oklob plants
Lair:5 exclusion: 2 oklob plants


Innate Abilities, Weirdness & Mutations

You have a beak for a mouth.
Your system is resistant to poisons. (rPois)
Your natural rate of healing is unusually fast.


Message History

You are too injured to fight recklessly!
Unknown command.
You are too injured to fight recklessly!
You are too injured to fight recklessly!
The bullfrog gives a loud, deep croak!
You slice the fire crab!!
The fire crab is almost dead.
The fire crab breathes flames at you. The blast of flame engulfs you.
You slash the fire crab!
You kill the fire crab!
Trog accepts your kill.
You are engulfed in blazing flames.
* * * LOW HITPOINT WARNING * * *
The bullfrog snags a nearby small bird with its tongue.
A bullfrog comes into view.
Your skin crawls.
You feel resistant to hostile enchantments.
You feel somewhat more hungry.
You are engulfed in blazing flames.
You die...

..... .... ....
.. ##..# #.#
###...###.F
#....#...#
#...†.#..#.. ...
##.@..F###..
....#..†>.......
#..†....#...
###...##..#.
#...#.#..##
..##.#...### ..
...####...#.##...
.................
...............P#


You could see 2 bullfrogs.

Vanquished Creatures
  Gastronok (Lair:2)
  Fannar (Lair:2)
  Erica (D:9)
  4 hydras
  A catoblepas (Lair:5)
  2 fire crabs
  An unseen horror (D:10)
  An ugly thing (D:11)
  A cyclops (D:11)
  8 elephants (Lair:4)
  A black mamba (Lair:6)
  18 spiny frogs
  A kobold demonologist (D:10)
  3 rime drakes
  3 komodo dragons
  A hornet (D:11)
  3 meliai (Lair:4)
  2 trolls (D:11)
  A polar bear (Lair:5)
  A tyrant leech (Lair:6)
  A queen bee (Lair:4)
  11 hippogriffs
  7 dream sheep (Lair:5)
  27 blink frogs
  A spriggan (D:7)
  3 basilisks
  A wraith (D:11)
  3 wyverns
  36 yaks
  A steam dragon (D:9)
  2 vampire mosquitoes (Lair:6)
  2 hungry ghosts
  Menkaure (D:4)
  Edmund (D:4)
  A soldier ant (D:10)
  Duvessa (D:7)
  2 sky beasts (D:10)
  10 water moccasins
  5 orc warriors
  4 porcupines
  3 phantoms
  6 necrophages (Lair:2)
  2 black bears
  4 ice beasts
  6 ogres
  11 crocodiles
  5 centaurs
  16 big kobolds
  18 bullfrogs
  A wyvern zombie (D:10)
  A water moccasin zombie (D:6)
  A scorpion (D:7)
  Dowan (D:7)
  32 killer bees
  A howler monkey (D:10)
  8 wights
  An electric eel (Lair:6)
  7 crimson imps
  3 bullfrog zombies
  2 centaur zombies
  3 hounds (D:10)
  5 centaur skeletons
  4 orc priests
  16 jellies
  7 orc wizards
  A bullfrog skeleton (D:9)
  An iron imp (D:9)
  5 iguanas
  2 worker ants
  3 hound zombies
  A worker ant zombie (D:9)
  10 gnolls
  11 adders
  2 shadow imps
  5 oozes
  An adder zombie (D:5)
  A worm (D:5)
  A dart slug (D:5)
  9 leopard geckos
  61 orcs
  A ball python (D:6)
  9 giant cockroaches
  3 goblins
  5 hobgoblins
  6 jackals
  9 kobolds
  4 quokkas
  8 bats
  6 frilled lizards
  A goblin skeleton (D:4)
  5 hobgoblin zombies (D:4)
  3 kobold skeletons (D:4)
  A kobold zombie (D:4)
  An orc skeleton (D:4)
  An orc zombie (D:4)
  9 rats
  5 fungi
  4 plants (D:11)
534 creatures vanquished.

Vanquished Creatures (others)
  8 fungi
  16 plants
24 creatures vanquished.

Grand Total: 558 creatures vanquished

Notes
Turn   | Place    | Note
-------+----------+-------------------------------------------
     0 | D:1      | scarab the Human Berserker began the quest for the Orb.
     0 | D:1      | Reached XP level 1. HP: 18/18 MP: 1/1
   246 | D:1      | Reached XP level 2. HP: 19/24 MP: 2/2
   870 | D:1      | Reached skill level 4 in Axes
   870 | D:1      | Reached XP level 3. HP: 25/29 MP: 3/3
  1645 | D:2      | Gained mutation: Your system is resistant to poisons.
                  | (rPois) [potion of mutation]
  1645 | D:2      | Gained mutation: You have a beak for a mouth. [potion of
                  | mutation]
  1645 | D:2      | Gained mutation: Your natural rate of healing is unusually
                  | fast. [potion of mutation]
  1734 | D:2      | Found a sparkling altar of Nemelex Xobeh.
  1734 | D:2      | Found a white marble altar of Elyvilon.
  1779 | D:2      | Reached XP level 4. HP: 35/35 MP: 4/4
  1783 | D:2      | Reached skill level 5 in Axes
  1850 | D:2      | Found a shadowy altar of Dithmenos.
  2124 | D:3      | Reached XP level 5. HP: 41/41 MP: 5/5
  2174 | D:3      | Found a sacrificial altar of Ru.
  2269 | D:3      | Reached ** piety under Trog
  2530 | D:3      | Reached skill level 6 in Axes
  2672 | D:3      | Reached XP level 6. HP: 47/47 MP: 6/6
  3307 | D:4      | Found a blossoming altar of Fedhas.
  3339 | D:4      | Noticed Menkaure
  3349 | D:4      | Killed Menkaure
  3349 | D:4      | Reached skill level 7 in Axes
  3468 | D:4      | Found a stormy altar of Qazlal.
  3532 | D:4      | Found a basalt altar of Yredelemnul.
  3536 | D:4      | Reached XP level 7. HP: 47/52 MP: 7/7
  3579 | D:4      | Noticed Edmund
  3613 | D:4      | Killed Edmund
  3659 | D:4      | Found a glowing golden altar of the Shining One.
  3669 | D:4      | Reached *** piety under Trog
  3690 | D:4      | Reached skill level 8 in Axes
  4336 | D:5      | Entered Level 5 of the Dungeon
  4428 | D:5      | Reached XP level 8. HP: 48/58 MP: 8/8
  4444 | D:5      | Reached skill level 9 in Axes
  4645 | D:5      | Reached skill level 10 in Axes
  5278 | D:6      | Reached XP level 9. HP: 33/64 MP: 9/9
  5497 | D:6      | Reached **** piety under Trog
  5728 | D:6      | Reached skill level 11 in Axes
  6124 | D:7      | Noticed Dowan
  6126 | D:7      | Noticed Duvessa
  6129 | D:7      | Killed Dowan
  6139 | D:7      | Killed Duvessa
  6187 | D:7      | Noticed a hippogriff
  6197 | D:7      | Killed a hippogriff
  6317 | D:7      | Found a hazy altar of Hepliaklqana.
  6393 | D:7      | Found a staircase to the Ecumenical Temple.
  6440 | D:7      | Reached XP level 10. HP: 73/73 MP: 10/10
  6579 | D:7      | Reached skill level 5 in Fighting
  7392 | D:8      | Reached skill level 12 in Axes
  7489 | D:8      | Reached skill level 5 in Armour
  7489 | D:8      | Reached skill level 5 in Dodging
  8094 | D:9      | Found a snail-covered altar of Cheibriados.
  8252 | D:9      | Found a deep blue altar of Sif Muna.
  8290 | D:9      | Noticed Erica
  8335 | D:9      | Killed Erica
  8335 | D:9      | Reached XP level 11. HP: 64/81 MP: 11/11
  8384 | D:9      | Found a shimmering altar of Xom.
  8569 | D:10     | Entered Level 10 of the Dungeon
  8611 | D:10     | Reached ***** piety under Trog
  8632 | D:9      | Reached skill level 13 in Axes
  8762 | D:10     | Received a gift from Trog
  9219 | D:10     | Killed an unseen horror
  9282 | D:10     | Found a staircase to the Orcish Mines.
  9500 | D:10     | Received a gift from Trog
 10057 | D:11     | Found a staircase to the Lair.
 10072 | D:11     | Reached XP level 12. HP: 91/91 MP: 12/12
 10351 | D:11     | Reached skill level 14 in Axes
 10361 | D:11     | Found a shattered altar of Ashenzari.
 10787 | Lair:1   | Entered Level 1 of the Lair of Beasts
 11209 | Lair:1   | Got a polished war axe
 11214 | Lair:1   | Identified the +6 war axe of Upheaval {drain, rPois rC+ MR-
                  | Str+4} (You found it on level 1 of the Lair of Beasts)
 11653 | Lair:2   | Received a gift from Trog
 11676 | Lair:2   | Noticed Gastronok
 11695 | Lair:2   | Killed Gastronok
 11742 | Lair:2   | Noticed Fannar
 11758 | Lair:2   | Killed Fannar
 11779 | Lair:2   | Reached XP level 13. HP: 99/99 MP: 13/13
 12016 | Lair:2   | Reached skill level 15 in Axes
 12035 | Lair:2   | Noticed a four-headed hydra
 12043 | Lair:2   | Killed an eight-headed hydra
 12757 | Lair:3   | Noticed a four-headed hydra
 12769 | Lair:3   | Killed an eight-headed hydra
 12903 | Lair:3   | Found a staircase to the Snake Pit.
 13006 | Lair:3   | Found a staircase to the Swamp.
 13222 | Lair:3   | Noticed an eight-headed hydra
 13228 | Lair:3   | Killed an 11-headed hydra
 13768 | Lair:4   | Received a gift from Trog
 13769 | Lair:4   | Reached XP level 14. HP: 100/109 MP: 14/14
 13780 | Lair:4   | Got a dazzling executioner's axe {god gift}
 13906 | Lair:4   | Reached skill level 10 in Fighting
 13989 | Lair:4   | Reached skill level 16 in Axes
 15482 | Lair:6   | Entered Level 6 of the Lair of Beasts
 15526 | Lair:6   | Reached skill level 17 in Axes
 15693 | Lair:6   | Received a gift from Trog
 15777 | Lair:6   | Found a staircase to the Slime Pits.
 15816 | Lair:6   | Engulfed by a cloud of flame

Skill      XL: |  1  2  3  4  5  6  7  8  9 10 11 12 13 14 |
---------------+-------------------------------------------+-----
Axes           | 4 5 6 7 8 10 11 12 13 14 15 17 | 17.3
Armour         | 4 5 7 8 9 |  9.6
Dodging        | 4 5 7 8 9 |  9.6
Fighting       | 4 6 7 8 9 11 | 11.3

Action                   |  1- 3 |  4- 6 |  7- 9 | 10-12 | 13-15 || total
-------------------------+-------+-------+-------+-------+-------++-------
Melee: Hand axe          |    86 |   160 |   362 |       |       ||   608
       Peck              |       |    34 |   105 |   202 |   140 ||   481
       War axe           |       |       |    46 |   553 |   515 ||  1114
       Broad axe         |       |       |       |   241 |       ||   241
Throw: Throwing net      |       |       |       |     3 |     1 ||     4
Invok: Berserk           |     2 |     2 |     6 |     6 |     4 ||    20
       Trog's Hand       |       |       |     1 |     7 |     4 ||    12
Evoke: Wand              |       |       |       |     4 |       ||     4
  Use: Potion            |     3 |       |       |     1 |     4 ||     8
       Scroll            |       |       |    10 |       |     9 ||    19
 Stab: Sleeping          |     1 |       |       |       |       ||     1
       Paralysed         |       |       |       |     5 |       ||     5
       Held in net/web   |       |       |       |     2 |       ||     2
  Eat: Chunk             |     1 |     7 |    11 |    18 |    12 ||    49
       Ration            |     1 |       |     5 |     4 |     2 ||    12
Armor: Animal skin       |    15 |       |       |       |       ||    15
       Scale mail        |       |    50 |    91 |    43 |       ||   184
       Leather armour    |       |     1 |       |       |       ||     1
       Chain mail        |       |       |    38 |       |       ||    38
       Plate armour      |       |       |       |   452 |   192 ||   644
       Skin              |       |       |       |       |    20 ||    20
Dodge: Dodged            |    49 |    36 |    90 |   181 |   111 ||   467
Block: Shield            |     1 |    66 |   127 |   133 |       ||   327
       Large shield      |       |       |       |   254 |   307 ||   561
